 Dungeon Crawl Stone Soup version 0.31-a0-819-gf6de2f5ab6 (webtiles) character file.

Game seed: 1023463191537631803

7538 qw the Skirmisher (level 11, -4/71 HPs)
             Began as a Gargoyle Hunter on Sept 23, 2023.
             Was a Priest of Okawaru.
             Slain by Maggie
             ... wielding a +2 glaive of venom
              (5 damage)
             ... on level 10 of the Dungeon.
             The game lasted 00:03:08 (6960 turns).

qw the Skirmisher (Gargoyle Hunter)                 Turns: 6960, Time: 00:03:09

Health: -4/71      AC: 14    Str: 15    XL:     11   Next: 16%
Magic:  14/14      EV: 22    Int: 10    God:    Okawaru [***...]
Gold:   680        SH:  5    Dex: 17    Spells: 10/10 levels left

rFire   . . .        a - +0 orcbow (chaos)
rCold   . . .        (shield currently unavailable)
rNeg    + . .        c - +0 troll leather armour
rPois   inf          (no helmet)
rElec   +            (no cloak)
rCorr   .            (no gloves)
SInv    +            d - +1 pair of boots
Will    .....        n - amulet of reflection
Stlth   +++          g - +5 ring of evasion
HPRegen 1.11/turn    k - ring of see invisible
MPRegen 0.14/turn

%: reflection
@: heroic, mesmerised
A: sickness immunity, AC +8, negative energy resistance 1, electricity
resistance, torment resistance 1, petrification resistance
a: Renounce Religion, Heroism


You were on level 10 of the Dungeon.
You worshipped Okawaru.
Okawaru was most pleased with you.
You visited 2 branches of the dungeon, and saw 11 of its levels.

You collected 680 gold pieces.


Innate Abilities, Weirdness & Mutations

You are immune to sickness and miasma.
Your stone body is resilient. (AC +8)
You are immune to poison.
You resist negative energy. (rN+)
You are resistant to electric shocks. (rElec)
You are resistant to unholy torment.
You are immune to petrification.


   Skills:
 - Level 9.1(14.1) Fighting
 + Level 13.5(18.5) Ranged Weapons
 - Level 4.0(9.0) Armour
 - Level 4.0(9.0) Dodging
 - Level 1.1(6.1) Stealth
 - Level 4.2 Invocations


You had 10 spell levels left.
You didn't know any spells.
Your spell library was empty.

Inventory:

Hand Weapons
 a - a +0 orcbow of chaos (weapon)
Armour
 c - a +0 troll leather armour (worn)
 d - a +1 pair of boots (worn)
Jewellery
 g - a +5 ring of evasion (left hand)
 k - a ring of see invisible (right hand)
 m - a +4 ring of protection
 n - an amulet of reflection (around neck)
Scrolls
 e - a scroll of noise {unknown}
 f - 3 scrolls of identify
Potions
 b - a potion of resistance {unknown}
 h - a potion of mutation
 i - a potion of enlightenment
 j - a potion of might
 o - 2 potions of cancellation

Dungeon Overview and Level Annotations

Branches:
Dungeon (10/15)            Temple (1/1) D:6            Lair (0/5) D:10
    Orc: D:9-12

Altars:
Ashenzari
Cheibriados
Dithmenos
Elyvilon
Fedhas
Gozag
Hepliaklqana
Kikubaaqudgha
Makhleb
Nemelex Xobeh
Okawaru
Qazlal
Ru
Sif Muna
Trog
Uskayaw
Vehumet
Wu Jian
Xom
Yredelemnul
Zin
The Shining One

Annotations:
D:10 Maggie


Message History

Maggie closely misses you. You block the wraith's attack.
You shoot an arrow. The arrow completely misses the wraith.
The arrow hits Maggie.
Maggie is moderately wounded.
The wraith completely misses you. Maggie completely misses you.
The wraith completely misses you.
You shoot an arrow.
The arrow hits the wraith but does no damage.
The wraith is almost destroyed.
The wraith barely misses you. Maggie closely misses you.
The howler monkey hoots and howls with incredible vigour!
You hear a roar!
You hear a shout!
You hear a roar!
You hear a shout! x2
You shoot an arrow. The arrow hits the wraith.
The arrow freezes the wraith.
You destroy the wraith!
Okawaru accepts your kill. Maggie misses you.
6958 |||
Found retreat position at 1,0 (entropy weaver shaped shifter; floor) with 0 blocking monsters and 2 monsters attacking at destination at distance 1 You shoot an arrow.
The arrow hits the howler monkey.
The arrow freezes the howler monkey.
You kill the howler monkey!
Okawaru accepts your kill. You block Maggie's attack.
The entropy weaver closely misses you. You block the entropy weaver's attack.
The entropy weaver hits you! x2
Maggie closely misses you.
You shoot an arrow. The arrow misses the entropy weaver.
The arrow hits Maggie but does no damage.
Maggie is moderately wounded.
You block the entropy weaver's attack.
The entropy weaver completely misses you.
The entropy weaver hits you. The entropy weaver misses you.
Maggie completely misses you. The entropy weaver hits you! x2
The entropy weaver hits you!! The entropy weaver closely misses you.
You shoot an arrow.
The arrow hits the entropy weaver but does no damage.
The entropy weaver is lightly wounded.
You feel yourself speed up. The entropy weaver misses you.
The entropy weaver hits you. The entropy weaver closely misses you.
The entropy weaver barely misses you.
Maggie hits you from afar with a +2 glaive of venom.
You die...

......# ......# ..
....>.# #.# .###.## #.#
..P..# #.#######.#.#
......... ..
#......?h..#
P...PP..###.#
#.#.#.####.W#
P..P.P....#.###.##S#.#.#
..............#.@B@...#
......P.........####...#
.....PP......##..##.####
..........P..##.........
>P...........##.###B###.
.........P...##.# y.
P.......P.P.....# ##
...........#.##.#
.P.P.....P.#.##.#


You could see an entropy weaver shaped shifter (strong), a sea snake shaped
shifter and Maggie (mesmerising).

Vanquished Creatures
  A boulder beetle (D:10)
  A two-headed ogre (D:8)
  A deep elf pyromancer (D:10)
  A komodo dragon (D:10)
  A troll (D:8)
  A hornet (D:8)
  A vampire (D:8)
  3 wyverns
  A wraith (D:10)
  10 yaks
  5 water moccasins
  An ice beast (D:7)
  A sky beast (D:6)
  2 black bears
  5 ogres
  2 centaurs
  3 bullfrogs
  2 scorpions
  A gnoll sergeant (D:8)
  10 wights
  A killer bee (D:7)
  2 howler monkeys (D:10)
  A hound (D:6)
  2 jellies
  3 orc priests
  A sleepcap (D:5)
  Jessica (D:2)
  3 orc wizards
  An iguana (D:5)
  6 adders
  7 gnolls
  3 shadow imps
  A white imp (D:7)
  2 ufetubi (D:6)
  A worm (D:2)
  A dart slug (D:2)
  14 orcs
  7 ball pythons
  5 bats
  4 endoplasms
  4 giant cockroaches
  6 goblins
  9 hobgoblins
  6 quokkas
  3 frilled lizards (D:1)
  11 kobolds
  6 rats
164 creatures vanquished.

Vanquished Creatures (others)
  A kobold brigand (D:9)
1 creature vanquished.

Grand Total: 165 creatures vanquished

Notes
Turn   | Place    | Note
-------+----------+-------------------------------------------
     0 | D:1      | qw the Gargoyle Hunter began the quest for the Orb.
     0 | D:1      | Reached XP level 1. HP: 12/12 MP: 1/1
     0 | D:1      | 0 ||| qw: Version: 0.3-a-83-gcd0e7d8
     0 | D:1      | 0 ||| qw: Game counter: 1713
     0 | D:1      | 0 ||| qw: Melee chars always use a shield: true
     0 | D:1      | 0 ||| qw: God list: Okawaru
     0 | D:1      | 0 ||| qw: Allow faded altars: false
     0 | D:1      | 0 ||| qw: Do Orc after clearing Dungeon:15 true
     0 | D:1      | 0 ||| qw: Do second Lair branch before Depths: true
     0 | D:1      | 0 ||| qw: Lair rune preference: random
     0 | D:1      | 0 ||| qw: Goals: Normal
     0 | D:1      | 0 ||| PLANNING D:1-11
    61 | D:1      | Reached XP level 2. HP: 17/17 MP: 2/2
   445 | D:1      | 445 ||| UPGRADING to +1 pair of boots.
   450 | D:1      | 450 ||| UPGRADING to +5 ring of evasion.
   451 | D:1      | 451 ||| READING scroll labelled NUSHEY WOTHYM.
   452 | D:1      | 452 ||| READING 2 scrolls labelled BAS FOMIAP NOE.
   453 | D:1      | 453 ||| READING scroll labelled MICLEC MUCSI.
   454 | D:1      | 454 ||| READING scroll labelled QYOQIGAANK.
   468 | D:1      | 468 ||| READING scroll labelled HOAGONLEMEV.
   469 | D:1      | 469 ||| DROPPING scroll of butterflies.
   501 | D:2      | 501 ||| STAIRDANCE
   566 | D:2      | Noticed Jessica
   571 | D:2      | Killed Jessica
   572 | D:2      | Reached skill level 5 in Ranged Weapons
   572 | D:2      | Reached XP level 3. HP: 16/21 MP: 3/3
   719 | D:2      | Reached XP level 4. HP: 27/27 MP: 4/4
   793 | D:2      | Identified the +4 spear "Fafiduer" {flame, rPois rN+}
   884 | D:2      | Found a faded altar of an unknown god.
   956 | D:2      | 956 ||| UPGRADING to +0 ring mail.
   966 | D:2      | 966 ||| DROPPING +0 leather armour.
   967 | D:2      | 967 ||| READING scroll labelled PISABR APULE.
  1068 | D:2      | 1068 ||| READING 3 scrolls of identify.
  1068 | D:2      | 1068 ||| IDENTIFYING fuming yellow potion
  1069 | D:2      | 1069 ||| DROPPING potion of brilliance.
  1310 | D:3      | Reached skill level 1 in Armour
  1534 | D:3      | Reached skill level 3 in Fighting
  1896 | D:3      | 1896 ||| UPGRADING to amulet of the acrobat.
  1901 | D:3      | 1901 ||| UPGRADING to ring of willpower.
  1902 | D:3      | 1902 ||| READING 4 scrolls of identify.
  1902 | D:3      | 1902 ||| IDENTIFYING fizzy grey potion
  1932 | D:4      | Reached XP level 5. HP: 32/32 MP: 5/5
  2029 | D:4      | Reached skill level 6 in Ranged Weapons
  2160 | D:4      | Found a broken altar of Ashenzari.
  2164 | D:4      | Saw a vision of the Swamp and the Snake Pit.
  2164 | D:4      | Noticed a naga sharpshooter
  2164 | D:4      | Noticed a naga
  2164 | D:4      | Noticed a naga warrior
  2164 | D:4      | Noticed a naga mage
  2164 | D:4      | Noticed a bog body
  2164 | D:4      | Noticed a black mamba
  2164 | D:4      | Noticed a naga warrior
  2165 | D:4      | Noticed a five-headed hydra
  2165 | D:4      | Noticed a spriggan druid
  2362 | D:4      | 2362 ||| READING 4 scrolls of identify.
  2362 | D:4      | 2362 ||| IDENTIFYING fuming grey potion
  2363 | D:4      | 2363 ||| READING 3 scrolls of identify.
  2363 | D:4      | 2363 ||| IDENTIFYING cyan potion
  2373 | D:5      | Entered Level 5 of the Dungeon
  2380 | D:5      | Noticed an ogre
  2385 | D:5      | Killed an ogre
  2386 | D:5      | Reached XP level 6. HP: 39/39 MP: 6/6
  2670 | D:5      | 2670 ||| RETREEAATING.
  2674 | D:5      | Reached skill level 7 in Ranged Weapons
  2674 | D:5      | Reached XP level 7. HP: 44/44 MP: 7/7
  2882 | D:5      | Reached skill level 8 in Ranged Weapons
  3098 | D:5      | 3098 ||| DROPPING ring of wizardry.
  3099 | D:5      | 3099 ||| READING scroll labelled ALIMION NIUM.
  3104 | D:5      | 3104 ||| READING scroll labelled CIKYCUNEOTT.
  3303 | D:6      | Found a staircase to the Ecumenical Temple.
  3304 | D:6      | 3304 ||| PLANNING TEMPLE
  3304 | D:6      | 3304 ||| READING 3 scrolls of identify.
  3304 | D:6      | 3304 ||| IDENTIFYING white potion
  3305 | D:6      | 3305 ||| DROPPING potion of degeneration.
  3314 | Temple   | Entered the Ecumenical Temple
  3315 | Temple   | 3315 ||| PLANNING D:1-11
  3390 | D:6      | Reached XP level 8. HP: 50/50 MP: 8/8
  3438 | D:6      | 3438 ||| Stepping ~*~*~tactically~*~*~ (retreating).
  3444 | D:6      | HP: 11/50 [wight/+3 spear (2)]
  3445 | D:6      | 3445 ||| READING scroll of teleportation.
  3446 | D:6      | 3446 ||| DRINKING potion of heal wounds.
  3631 | D:6      | 3631 ||| Stepping ~*~*~tactically~*~*~ (retreating).
  3655 | D:6      | Reached skill level 9 in Ranged Weapons
  3848 | D:6      | Found an iron altar of Okawaru.
  3849 | D:6      | 3849 ||| PLANNING OKAWARU WORSHIP
  3849 | D:6      | 3849 ||| DROPPING amulet of magic regeneration.
  3850 | D:6      | 3850 ||| DROPPING +6 ring of intelligence.
  3851 | D:6      | 3851 ||| READING 3 scrolls of identify.
  3851 | D:6      | 3851 ||| IDENTIFYING metallic brown potion
  3864 | D:6      | Became a worshipper of Warmaster Okawaru
  3865 | D:6      | 3865 ||| PLANNING D:1-11
  4094 | D:6      | Reached skill level 6 in Fighting
  4836 | D:7      | Reached * piety under Okawaru
  4837 | D:7      | Reached skill level 10 in Ranged Weapons
  4837 | D:7      | Reached XP level 9. HP: 49/56 MP: 9/9
  4837 | D:7      | 4837 ||| FLEEEEING.
  4838 | D:7      | 4838 ||| FLEEEEING.
  4839 | D:7      | 4839 ||| FLEEEEING.
  4841 | D:7      | 4841 ||| FLEEEEING.
  4869 | D:7      | 4869 ||| RETREEAATING.
  4875 | D:7      | 4875 ||| INVOKING Heroism.
  4884 | D:7      | 4884 ||| INVOKING Heroism.
  5036 | D:7      | Found a glowing silver altar of Zin.
  5036 | D:7      | Found a sparkling altar of Nemelex Xobeh.
  5044 | D:7      | Found a sacrificial altar of Ru.
  5046 | D:7      | Found a glowing golden altar of the Shining One.
  5048 | D:7      | Found a faded altar of an unknown god.
  5100 | D:7      | 5100 ||| READING scroll labelled XIHIEMM RAQ YSSECK.
  5151 | D:8      | 5151 ||| RETREEAATING.
  5152 | D:8      | 5152 ||| STILL RETREEAATING.
  5160 | D:8      | Reached skill level 1 in Invocations
  5163 | D:8      | 5163 ||| INVOKING Heroism.
  5173 | D:8      | HP: 13/57 [gnoll sergeant/+3 heavy spear (6)]
  5423 | D:8      | Identified the +1 robe of Xemyrropui {rF- Will- Int+5
                  | Archmagi}
  5472 | D:8      | 5472 ||| RETREEAATING.
  5481 | D:8      | Reached skill level 3 in Invocations
  5485 | D:8      | Reached ** piety under Okawaru
  5488 | D:8      | 5488 ||| INVOKING Heroism.
  5494 | D:8      | Reached skill level 11 in Ranged Weapons
  6047 | D:8      | 6047 ||| DROPPING +1 robe of Xemyrropui {rF- Will- Int+5
                  | Archmagi}.
  6048 | D:8      | 6048 ||| UPGRADING to amulet of reflection.
  6058 | D:8      | 6058 ||| DROPPING amulet of the acrobat.
  6059 | D:8      | 6059 ||| UPGRADING to ring of see invisible.
  6061 | D:8      | 6061 ||| DROPPING ring of willpower.
  6062 | D:8      | 6062 ||| DRINKING 2 fizzy orange potions.
  6063 | D:8      | 6063 ||| DRINKING 3 purple potions.
  6069 | D:8      | 6069 ||| READING 3 scrolls of identify.
  6069 | D:8      | 6069 ||| IDENTIFYING green potion
  6070 | D:8      | 6070 ||| DROPPING potion of lignification.
  6071 | D:8      | 6071 ||| DROPPING 2 potions of ambrosia.
  6124 | D:9      | Noticed a two-headed ogre
  6125 | D:9      | 6125 ||| INVOKING Heroism.
  6126 | D:9      | 6126 ||| STAIRDANCE
  6140 | D:9      | Noticed a hornet
  6141 | D:9      | 6141 ||| STAIRDANCE
  6146 | D:8      | Reached skill level 3 in Dodging
  6151 | D:9      | 6151 ||| STAIRDANCE
  6153 | D:8      | 6153 ||| Stepping ~*~*~tactically~*~*~ (retreating).
  6154 | D:8      | 6154 ||| Stepping ~*~*~tactically~*~*~ (retreating).
  6155 | D:8      | 6155 ||| Stepping ~*~*~tactically~*~*~ (retreating).
  6156 | D:8      | 6156 ||| Stepping ~*~*~tactically~*~*~ (retreating).
  6157 | D:8      | 6157 ||| Stepping ~*~*~tactically~*~*~ (retreating).
  6158 | D:8      | 6158 ||| Stepping ~*~*~tactically~*~*~ (retreating).
  6159 | D:8      | 6159 ||| Stepping ~*~*~tactically~*~*~ (retreating).
  6160 | D:8      | 6160 ||| INVOKING Heroism.
  6163 | D:8      | Killed a hornet
  6164 | D:8      | Reached XP level 10. HP: 46/63 MP: 10/13
  6167 | D:8      | Killed a two-headed ogre
  6253 | D:9      | 6253 ||| STAIRDANCE
  6263 | D:9      | 6263 ||| STAIRDANCE
  6276 | D:9      | 6276 ||| STAIRDANCE
  6316 | D:9      | 6316 ||| STAIRDANCE
  6328 | D:9      | 6328 ||| STAIRDANCE
  6330 | D:9      | 6330 ||| STAIRDANCE
  6339 | D:8      | 6339 ||| SWAPPING to +0 orcbow.
  6340 | D:8      | 6340 ||| DROPPING +1 heavy shortbow.
  6346 | D:9      | 6346 ||| INVOKING Heroism.
  6347 | D:9      | 6347 ||| STAIRDANCE
  6362 | D:9      | 6362 ||| STAIRDANCE
  6368 | D:9      | 6368 ||| STAIRDANCE
  6370 | D:8      | 6370 ||| INVOKING Heroism.
  6417 | D:8      | 6417 ||| UPGRADING to +0 troll leather armour.
  6427 | D:8      | 6427 ||| DROPPING +0 ring mail.
  6432 | D:9      | 6432 ||| STAIRDANCE
  6487 | D:9      | 6487 ||| INVOKING Heroism.
  6579 | D:9      | 6579 ||| READING scroll of brand weapon.
  6579 | D:9      | 6579 ||| BRANDING +0 orcbow.
  6709 | D:10     | Entered Level 10 of the Dungeon
  6717 | D:10     | 6717 ||| INVOKING Heroism.
  6726 | D:10     | 6726 ||| RETREEAATING.
  6737 | D:10     | Reached skill level 12 in Ranged Weapons
  6764 | D:10     | 6764 ||| RETREEAATING.
  6766 | D:10     | 6766 ||| STILL RETREEAATING.
  6770 | D:10     | 6770 ||| Stepping ~*~*~tactically~*~*~ (retreating).
  6787 | D:10     | Noticed a deep elf pyromancer
  6789 | D:10     | Reached *** piety under Okawaru
  6794 | D:10     | 6794 ||| INVOKING Heroism.
  6814 | D:10     | Killed a deep elf pyromancer
  6815 | D:10     | Reached skill level 13 in Ranged Weapons
  6847 | D:10     | Found a staircase to the Lair.
  6903 | D:10     | Reached XP level 11. HP: 69/69 MP: 14/14
  6906 | D:10     | 6906 ||| Stepping ~*~*~tactically~*~*~ (retreating).
  6907 | D:10     | 6907 ||| Stepping ~*~*~tactically~*~*~ (retreating).
  6908 | D:10     | 6908 ||| INVOKING Heroism.
  6924 | D:10     | Reached skill level 9 in Fighting
  6925 | D:10     | Noticed a boulder beetle
  6926 | D:10     | 6926 ||| Stepping ~*~*~tactically~*~*~ (retreating).
  6927 | D:10     | a hornet changed into a glowing shapeshifter
  6927 | D:10     | Noticed a glowing shapeshifter (glowing shapeshifter)
  6927 | D:10     | a glowing shapeshifter changed into a water nymph
  6930 | D:10     | 6930 ||| Stepping ~*~*~tactically~*~*~ (retreating).
  6930 | D:10     | Noticed Maggie
  6931 | D:10     | 6931 ||| Stepping ~*~*~tactically~*~*~ (retreating).
  6932 | D:10     | 6932 ||| Stepping ~*~*~tactically~*~*~ (retreating).
  6933 | D:10     | 6933 ||| INVOKING Heroism.
  6946 | D:10     | Killed a boulder beetle
  6950 | D:10     | a merfolk changed into a faun
  6950 | D:10     | Noticed a faun (glowing shapeshifter)
  6951 | D:10     | a faun changed into a sea snake
  6951 | D:10     | Noticed a sea snake (glowing shapeshifter)
  6952 | D:10     | an unseen horror changed into an entropy weaver
  6952 | D:10     | Noticed an entropy weaver (shapeshifter)
  6959 | D:10     | HP: 2/71 [entropy weaver (shapeshifter) (19)]
  6960 | D:10     | Slain by Maggie

Levels and vault maps discovered:
D:1:      wander_arrival_lonely_grave, layout_rooms, minmay_misc_feat_roman
D:2:      layout_rooms, shapermc_ecumenical_altar_rom_forum, uniq_jessica
D:3:      layout_basic, hangedman_decor_riveting
D:4:      layout_rooms, grunt_ashenzari_visionary
          [grunt_ashenzari_visionary_swamp, grunt_ashenzari_visionary_snake]
D:5:      nicolae_cairo_tiling_very_big, layout_basic
D:6:      layout_loops_ring, okawaru_metal_pillars_1_2, temple_fountains,
          serial_co_window_serial, co_window_of_opportunity_a,
          co_window_cross_1, co_window_corner_a, co_window_of_opportunity_a,
          co_window_of_opportunity_a, co_window_of_opportunity_a,
          co_window_of_opportunity_a, co_window_broadway_b,
          co_window_broadway_b, co_window_2corner, co_window_2corner,
          co_window_corner_cb, glass_columns_a, glass_columns_a, glass_columns_a
D:7:      layout_loops_ring, chequers_temple_overflow_minitemple, st_stairs_8
D:8:      layout_cave_pods, kennysheep_generic_room_13
D:9:      layout_cross, hive_lemuel
D:10:     minmay_firetagon, layout_loops_ring, due_lair_maze_entry_diamond,
          minmay_shattered_shrine, uniq_maggie, uniq_joseph
Temple:   kb_temple_of_zot

Skill      XL: |  1  2  3  4  5  6  7  8  9 10 11 |
---------------+----------------------------------+-----
Ranged Weapons | 5 6 7 8 10 11 13 | 13.5
Armour         | 1 2 4 |  4.0
Fighting       | 3 4 5 6 7 8 9 |  9.1
Dodging        | 2 3 4 |  4.0
Invocations    | 4 |  4.2
Stealth        | |  1.1

Action                     |  1- 3 |  4- 6 |  7- 9 | 10-12 || total
---------------------------+-------+-------+-------+-------++-------
   Fire: Shortbow          |    85 |   134 |   234 |    24 ||   477
         Orcbow            |       |       |       |   184 ||   184
 Invoke: Heroism           |       |       |     6 |     7 ||    13
    Use: Scroll            |     5 |     5 |     7 |     1 ||    18
         Potion            |       |       |     3 |       ||     3
 Armour: Leather armour    |    12 |     3 |       |       ||    15
         Ring mail         |       |     8 |   123 |    21 ||   152
         Troll leather arm |       |       |       |    52 ||    52
  Dodge: Dodged            |    27 |    40 |   204 |   175 ||   446
  Block: Other             |       |       |     6 |    37 ||    43
         Reflection        |       |       |     1 |     4 ||     5

Table legend:
 A = Non-vault XP
 B = Vault XP
 C = Vault XP percentage of total XP
 D = Non-vault monster count
 E = Vault monster count
 F = Vault count percentage of total count
                 A         B        C        D         E       F
            +---------+---------+-------+---------+---------+-------
      Total |    7024 |    3745 |  34.8 |     145 |      20 |  12.1
            +---------+---------+-------+---------+---------+-------
        D:1 |      25 |       0 |   0.0 |      17 |       0 |   0.0
        D:2 |      33 |      37 |  52.9 |      16 |       1 |   5.9
        D:3 |      59 |       0 |   0.0 |      14 |       0 |   0.0
        D:4 |      96 |       0 |   0.0 |      15 |       0 |   0.0
        D:5 |     688 |       0 |   0.0 |      16 |       0 |   0.0
        D:6 |     978 |       0 |   0.0 |      15 |       0 |   0.0
        D:7 |     813 |      98 |  10.8 |      12 |       2 |  14.3
        D:8 |    3338 |      11 |   0.3 |      26 |       1 |   3.7
        D:9 |     697 |       0 |   0.0 |       8 |       0 |   0.0
       D:10 |     297 |    3599 |  92.4 |       6 |      16 |  72.7
            +---------+---------+-------+---------+---------+-------
